 Dungeon Crawl Stone Soup version 0.25-a0-576-g50b708a4c4 (console) character file.

Game seed: 6931831722652804585, levelgen mode: deterministic

169 utis the Ducker (level 5, -6/32 HPs)
             Began as a Tengu Arcane Marksman on Mar 1, 2020.
             Mangled by Sigmund
             ... wielding a +0 scythe
              (10 damage)
             ... on level 3 of the Dungeon.
             The game lasted 00:07:21 (3728 turns).

utis the Ducker (Tengu Arcane Marksman)             Turns: 3728, Time: 00:07:22

Health: -6/32      AC:  3    Str: 10    XL:     5   Next: 50%
Magic:  7/7        EV: 17    Int: 14    God:
Gold:   114        SH:  0    Dex: 15    Spells: 3/6 levels left

rFire    . . .     SeeInvis .   a - +1 hand axe (venom)
rCold    . . .     Gourm    .   (no shield)
rNeg     . . .     Faith    .   e - +0 robe
rPois    .         Spirit   .   (helmet restricted)
rElec    .         Reflect  .   (no cloak)
rCorr    .         Harm     .   m - +0 pair of gloves
MR       .....                  (boots unavailable)
Stlth    +.........             (no amulet)
HPRegen  0.10/turn              (no ring)
MPRegen  0.10/turn              (no ring)

@: flying quickly and evasively, quick
A: beak, talons 3, able to fly
a: Stop Flying


You were on level 3 of the Dungeon.
You were not hungry.

You visited 1 branch of the dungeon, and saw 3 of its levels.

You collected 114 gold pieces.

Inventory:

Hand Weapons
 a - a +1 hand axe of venom (weapon)
 h - a +0 club
 l - a +0 vorpal spear
 p - a cursed -3 spear
 r - a +0 hunting sling
 u - a +0 trident
 w - a +0 shortbow
Missiles
 d - 20 arrows
 s - 21 sling bullets
 v - 5 boomerangs (quivered)
Armour
 e - a +0 robe (worn)
 m - a +0 pair of gloves (worn)
Jewellery
 k - a +5 ring of intelligence {unknown}
Scrolls
 b - a scroll of remove curse {unknown}
 g - 2 scrolls of teleportation {@r4}
 i - 2 scrolls of amnesia {unknown}
 n - a scroll of noise {unknown}
 o - a scroll of fog
 q - a scroll of enchant weapon {unknown}
Potions
 c - 3 potions of curing {@q1}
 j - 3 potions of haste {@q3}
Comestibles
 f - 6 rations {@e1}
 t - 2 chunks of flesh


   Skills:
 * Level 3.1 Fighting
 - Level 1.0 Maces & Flails
 - Level 2.9 Bows
 * Level 4.4 Dodging
 - Level 1.0 Spellcasting
 - Level 2.1 Hexes


You had 3 spell levels left.
You knew the following spells:

 Your Spells              Type           Power        Failure   Level  Hunger
a - Corona                Hex            #......      11%         1    ##.....
w - Slow                  Hex            #.......     16%         2    ###....

Your spell library contained the following spells:

 Spells                   Type           Power        Failure   Level  Hunger
 Inner Flame              Hex/Fire       #.......     45%         3    ####...
 Portal Projectile        Hex/Tloc       #.....       45%         3    ####...
 Cause Fear               Hex            #.........   71%         4    #####..
 Leda's Liquefaction      Hex/Erth       #.........   86%         4    #####..


Dungeon Overview and Level Annotations

Branches:
Dungeon (3/15)

Altars:
Hepliaklqana

Annotations:
D:3 3 runed translucent doors, Flugslaktarn's ghost, amateur DDFi; Robin; Sigmund


Innate Abilities, Weirdness & Mutations

You have a beak for a mouth.
You have claws for feet.
You can fly continuously.


Message History

The puff of flame misses you.
An orc comes into view. It is wielding a +0 trident.
Something completely misses you.
You bump into the rock wall.
The orc shouts!
You barely miss something. You peck something.
You feel less confused. Something hits you.
You miss something. Something hits you!
You hit something. You claw something.
The orc hits you from afar with a +0 trident.
Something barely misses you.
You hit something.
The orc hits you from afar with a +0 trident.
* * * LOW HITPOINT WARNING * * *
Something hits you!
* * * LOW HITPOINT WARNING * * *
You hit something. You claw something. The orc completely misses you.
You closely miss something. You claw something. Something hits you!
You die...

░......)....░>░
░.▒▒▒▒▒▒▒▒▒.░.░
░.▒.......▒.░.░
░.▒.%.....▒.░.░
░.▒.€.....+.░.░
░.▒l%.....+...░
░.▒s....!.+..
░.▒W......▒.░.
░Q▒......
░{▒▒▒▒▒▒▒ ░o.
.... ░➘.. ...
░.░.. .░ ░.░░.░
░.. .░ ░.. .


You could see an orc and a leopard gecko.

Vanquished Creatures
  A centaur skeleton (D:3)
  Terence (D:2)
  A hound zombie (D:2)
  2 adders (D:2)
  An adder zombie (D:1)
  A worm (D:2)
  A dart slug (D:1)
  3 leopard geckos
  8 orcs
  A ball python (D:1)
  4 bats
  A bat zombie (D:1)
  5 giant cockroaches
  6 goblins
  8 hobgoblins
  4 jackals (D:1)
  4 kobolds
  2 frilled lizards (D:1)
  3 rats (D:1)
57 creatures vanquished.

Notes
Turn   | Place    | Note
-------+----------+-------------------------------------------
     0 | D:1      | utis the Tengu Arcane Marksman began the quest for the Orb.
     0 | D:1      | Reached XP level 1. HP: 12/12 MP: 3/3
   276 | D:1      | Reached XP level 2. HP: 9/16 MP: 4/4
   280 | D:1      | Learned a level 2 spell: Slow
  1194 | D:1      | Reached skill level 3 in Dodging
  1321 | D:1      | Reached XP level 3. HP: 20/20 MP: 5/5
  2037 | D:2      | Noticed Terence
  2051 | D:2      | Killed Terence
  2051 | D:2      | Reached skill level 1 in Maces & Flails
  2051 | D:2      | Reached XP level 4. HP: 21/26 MP: 2/6
  3021 | D:3      | Noticed Robin
  3086 | D:2      | Reached skill level 4 in Dodging
  3274 | D:3      | Gained mutation: You can fly continuously. [Tengu growth]
  3274 | D:3      | Reached XP level 5. HP: 30/31 MP: 7/7
  3309 | D:3      | Found a hazy altar of Hepliaklqana.
  3614 | D:3      | Found a runed translucent gate.
  3615 | D:3      | Found a runed translucent gate.
  3616 | D:3      | Noticed Flugslaktarn's ghost (amateur DDFi)
  3698 | D:3      | Found a runed translucent gate.
  3716 | D:3      | Noticed Sigmund
  3728 | D:3      | Mangled by Sigmund

Levels and vault maps discovered:
D:1:      saegor_arrival_fortress, layout_basic, minmay_pentomino_u4
D:2:      layout_basic, first_ration, uniq_terence
D:3:      layout_loops_ring, overflow_temple_1_default, gammafunk_ghost_split,
          hangedman_feature_mirror, uniq_robin, uniq_sigmund

Skill      XL: |  1  2  3  4  5 |
---------------+----------------+-----
Dodging        | 3 4 |  4.4
Maces & Flails | 1 |  1.0
Fighting       | 2 3 |  3.1
Bows           | |  2.9
Spellcasting   | |  1.0
Hexes          | |  2.1

Action                   |  1- 3 |  4- 6 || total
-------------------------+-------+-------++-------
Melee: Unarmed           |    13 |       ||    13
       Club              |    40 |       ||    40
       Peck              |    12 |    13 ||    25
       Kick              |    13 |    22 ||    35
       Hand axe          |    33 |    80 ||   113
 Fire: Shortbow          |       |     5 ||     5
 Cast: Corona            |    17 |     7 ||    24
       Slow              |     1 |     2 ||     3
 Abil: Fly               |       |     1 ||     1
  Use: Scroll            |     3 |     2 ||     5
  Eat: Chunk             |     4 |     6 ||    10
Armor: Robe              |    18 |    14 ||    32
Dodge: Dodged            |    53 |    70 ||   123

Table legend:
 A = Non-vault XP
 B = Vault XP
 C = Vault XP percentage of total XP
 D = Non-vault monster count
 E = Vault monster count
 F = Vault count percentage of total count
                 A         B        C        D         E       F
            +---------+---------+-------+---------+---------+-------
      Total |     190 |      52 |  21.5 |      49 |       8 |  14.0
            +---------+---------+-------+---------+---------+-------
        D:1 |      40 |      10 |  20.0 |      21 |       4 |  16.0
        D:2 |      69 |      42 |  37.8 |      11 |       4 |  26.7
        D:3 |      81 |       0 |   0.0 |      17 |       0 |   0.0
            +---------+---------+-------+---------+---------+-------
